[ AOE2 MATCH · #477753172 ]
UnrankedDravidians vs Sicilians
[ REPLAY ANALYSIS · EXTRACTED FROM THE RECORDED GAME ]
Feudal
11:24
Castle
14:55
Imperial
31:16
| APM avg | 45.3 |
| APM peak | 78 |
| eAPM avg | 25.3 |
| Villagers / military | 241 / 435 |
Focus
⚔️ 31.2% · 🌾 68.8%
Elephant Archer ×420 · Trade Cart ×40 · Hand Cannoneer ×9 · Monk ×5 · Spearman ×1
Feudal
11:09
Castle
15:06
Imperial
33:00
| APM avg | 37.4 |
| APM peak | 87 |
| eAPM avg | 22.7 |
| Villagers / military | 183 / 301 |
Focus
⚔️ 34.7% · 🌾 65.3%
Knight ×300 · Trade Cart ×39 · Mangonel ×1
Feudal
12:23
Castle
18:55
Imperial
30:51
| APM avg | 26.6 |
| APM peak | 96 |
| eAPM avg | 18.6 |
| Villagers / military | 184 / 181 |
Focus
⚔️ 31.8% · 🌾 68.2%
Knight ×180 · Trebuchet (Packed) ×1
Feudal
11:21
Castle
17:02
Imperial
32:32
| APM avg | 32.3 |
| APM peak | 133 |
| eAPM avg | 19.5 |
| Villagers / military | 141 / 213 |
Focus
⚔️ 22.9% · 🌾 77.1%
Battle Elephant ×189 · Trade Cart ×42 · Elephant Archer ×17 · Armored Elephant ×7
Feudal
10:47
Castle
14:22
Imperial
29:12
| APM avg | 35.1 |
| APM peak | 77 |
| eAPM avg | 21.3 |
| Villagers / military | 191 / 698 |
Focus
⚔️ 33.3% · 🌾 66.7%
Spearman ×351 · Huskarl ×175 · Militia ×154 · Trade Cart ×26 · Bombard Cannon ×15 · Trebuchet (Packed) ×3
Feudal
12:13
Castle
16:46
Imperial
30:01
| APM avg | 31.6 |
| APM peak | 57 |
| eAPM avg | 21.1 |
| Villagers / military | 170 / 631 |
Focus
⚔️ 44.6% · 🌾 55.4%
Spearman ×490 · Scorpion ×119 · Trade Cart ×16 · Militia ×9 · Trebuchet (Packed) ×8 · Scout Cavalry ×5
Feudal
8:26
Castle
17:47
Imperial
29:42
| APM avg | 38.4 |
| APM peak | 95 |
| eAPM avg | 22.4 |
| Villagers / military | 176 / 93 |
Focus
⚔️ 35.1% · 🌾 64.9%
Iron Pagoda ×69 · Trade Cart ×63 · Bombard Cannon ×22 · Monk ×2
Feudal
10:33
Castle
19:24
Imperial
32:15
| APM avg | 27.4 |
| APM peak | 48 |
| eAPM avg | 17.3 |
| Villagers / military | 180 / 304 |
Focus
⚔️ 27.6% · 🌾 72.4%
Knight ×288 · Trade Cart ×40 · Spearman ×13 · Scout Cavalry ×3
Match map
Initial resources + every placement click. Lines = walls · curves = elevation contours. ◆ gold · ⬟ stone · ● berries · ✦ relic · ◌ wall gap
Your base· ✓ Closed at 14:55 · 0t walls · no gate
Snavle's base· ✓ Closed at 15:06 · 0t walls · no gate
Adriano Del Throw's base· ✓ Closed at 18:55 · 74t walls · 3 gate(s)
YIU's base· ✓ Closed at 17:02 · 27t walls · no gate
Glork's base· ✓ Closed at 14:22 · 0t walls · no gate
KIRA's base· ✓ Closed at 16:46 · 0t walls · no gate
Mapache's base· ✓ Closed at 17:47 · 50t walls · 2 gate(s)
RXN SEMTEX's base· ✓ Closed at 19:24 · 0t walls · 1 gate(s)
Smoothed initial terrain · ◌ = detected wall gap · hover for details
Inputs per minute
— Dango - - Snavle
Build order — Dango
First 150 of 700 actions detected
| 0:00 | Create | Villager (Male) |
| 0:01 | Create | Villager (Male) |
| 0:02 | Build | House |
| 0:03 | Build | House |
| 0:05 | Create | Villager (Male) |
| 0:05 | Create | Villager (Male) |
| 1:22 | Create | Villager (Male) |
| 1:22 | Create | Villager (Male) |
| 1:46 | Build | Lumber Camp |
| 1:59 | Create | Villager (Male) |
| 2:00 | Create | Villager (Male) |
| 2:18 | Create | Villager (Male) |
| 2:19 | Create | Villager (Male) |
| 2:50 | Create | Villager (Male) |
| 3:08 | Create | Villager (Male) |
| 3:09 | Create | Villager (Male) |
| 3:40 | Create | Villager (Male) |
| 3:40 | Create | Villager (Male) |
| 3:44 | Create | Villager (Male) |
| 3:49 | Build | House |
| 4:18 | Build | Mill |
| 4:22 | Create | Villager (Male) |
| 4:24 | Create | Villager (Male) |
| 4:24 | Create | Villager (Male) |
| 5:14 | Create | Villager (Male) |
| 5:15 | Create | Villager (Male) |
| 5:18 | Create | Villager (Male) |
| 5:19 | Create | Villager (Male) |
| 5:25 | Create | Villager (Male) |
| 5:25 | Create | Villager (Male) |
| 5:29 | Create | Villager (Male) |
| 5:29 | Create | Villager (Male) |
| 5:51 | Create | Villager (Male) |
| 5:51 | Create | Villager (Male) |
| 5:59 | Create | Villager (Male) |
| 6:08 | Create | Villager (Male) |
| 6:08 | Create | Villager (Male) |
| 6:23 | Create | Villager (Male) |
| 6:24 | Create | Villager (Male) |
| 6:40 | Build | House |
| 6:44 | Research | Loom |
| 6:47 | Create | Villager (Male) |
| 7:18 | Create | Villager (Male) |
| 7:18 | Create | Villager (Male) |
| 7:39 | Create | Villager (Male) |
| 7:42 | Build | Farm |
| 7:46 | Build | Farm |
| 7:48 | Create | Villager (Male) |
| 8:27 | Research | Feudal Age |
| 8:35 | Build | Mining Camp |
| 8:40 | Build | Mining Camp |
| 8:52 | Create | Villager (Male) |
| 8:52 | Create | Villager (Male) |
| 9:50 | Build | House |
| 10:33 | Build | Farm |
| 11:24 | Age | Feudal Age |
| 11:25 | Build | Market |
| 11:27 | Build | Blacksmith |
| 11:45 | Build | Farm |
| 11:50 | Create | Villager (Male) |
| 11:51 | Research | Double-Bit Axe |
| 12:12 | Research | Castle Age |
| 12:12 | Research | Castle Age |
| 12:22 | Build | House |
| 12:28 | Build | Farm |
| 12:29 | Build | Farm |
| 12:55 | Research | Horse Collar |
| 13:10 | Create | Villager (Male) |
| 13:40 | Build | House |
| 14:16 | Create | Villager (Male) |
| 14:55 | Age | Castle Age |
| 14:56 | Create | Villager (Male) |
| 15:04 | Build | Monastery |
| 15:05 | Create | Villager (Male) |
| 15:11 | Build | Town Center |
| 15:16 | Research | Bow Saw |
| 15:17 | Create | Villager (Male) |
| 15:27 | Build | Town Center |
| 15:28 | Create | Villager (Male) |
| 15:37 | Create | Monk |
| 15:39 | Build | House |
| 15:59 | Create | Monk |
| 16:05 | Build | House |
| 16:09 | Build | Farm |
| 16:11 | Build | Farm |
| 16:12 | Create | Villager (Male) |
| 16:25 | Create | Villager (Male) |
| 16:25 | Create | Villager (Male) |
| 16:35 | Create | Villager (Male) |
| 16:56 | Build | House |
| 16:56 | Create | Villager (Male) |
| 16:58 | Build | House |
| 17:06 | Create | Villager (Male) |
| 17:06 | Create | Villager (Male) |
| 17:08 | Build | Farm |
| 17:09 | Build | Farm |
| 17:10 | Build | Farm |
| 17:10 | Create | Villager (Male) |
| 17:11 | Create | Villager (Male) |
| 17:32 | Build | Farm |
| 17:33 | Build | Farm |
| 17:38 | Create | Villager (Male) |
| 17:39 | Create | Villager (Male) |
| 17:54 | Build | House |
| 17:55 | Build | House |
| 17:55 | Create | Villager (Male) |
| 17:56 | Create | Villager (Male) |
| 17:59 | Build | Farm |
| 18:04 | Build | Farm |
| 18:17 | Create | Villager (Male) |
| 18:18 | Create | Villager (Male) |
| 18:20 | Create | Monk |
| 18:25 | Build | House |
| 18:26 | Create | Villager (Male) |
| 18:35 | Build | Farm |
| 18:35 | Build | Farm |
| 18:35 | Build | Farm |
| 18:36 | Build | Farm |
| 18:36 | Build | Farm |
| 18:40 | Build | Farm |
| 18:46 | Create | Villager (Male) |
| 18:57 | Create | Villager (Male) |
| 18:57 | Create | Villager (Male) |
| 19:01 | Build | House |
| 19:07 | Create | Villager (Male) |
| 19:10 | Build | Farm |
| 19:11 | Build | Farm |
| 19:20 | Create | Villager (Male) |
| 19:33 | Create | Villager (Male) |
| 19:33 | Create | Villager (Male) |
| 19:35 | Build | Barracks |
| 19:42 | Create | Villager (Male) |
| 19:42 | Create | Villager (Male) |
| 19:49 | Build | Farm |
| 19:50 | Create | Villager (Male) |
| 19:50 | Create | Villager (Male) |
| 20:02 | Create | Villager (Male) |
| 20:03 | Create | Villager (Male) |
| 20:05 | Create | Villager (Male) |
| 20:05 | Create | Villager (Male) |
| 20:17 | Build | Farm |
| 20:17 | Build | Farm |
| 20:17 | Build | Farm |
| 20:23 | Create | Villager (Male) |
| 20:23 | Create | Villager (Male) |
| 20:31 | Create | Villager (Male) |
| 20:31 | Create | Villager (Male) |
| 20:39 | Create | Villager (Male) |
| 20:40 | Create | Villager (Male) |
| 20:49 | Create | Villager (Male) |
Build order — Snavle
First 150 of 635 actions detected
| 0:02 | Create | Villager (Male) |
| 0:02 | Create | Villager (Male) |
| 0:03 | Create | Villager (Male) |
| 0:04 | Build | House |
| 0:04 | Build | House |
| 0:24 | Create | Villager (Male) |
| 0:24 | Create | Villager (Male) |
| 1:34 | Create | Villager (Male) |
| 2:12 | Create | Villager (Male) |
| 2:13 | Create | Villager (Male) |
| 2:13 | Create | Villager (Male) |
| 2:37 | Create | Villager (Male) |
| 2:37 | Create | Villager (Male) |
| 2:37 | Create | Villager (Male) |
| 2:52 | Create | Villager (Male) |
| 2:52 | Create | Villager (Male) |
| 3:17 | Build | House |
| 3:19 | Build | Lumber Camp |
| 3:45 | Create | Villager (Male) |
| 3:46 | Create | Villager (Male) |
| 3:46 | Create | Villager (Male) |
| 3:46 | Create | Villager (Male) |
| 4:42 | Create | Villager (Male) |
| 4:42 | Create | Villager (Male) |
| 4:42 | Create | Villager (Male) |
| 5:28 | Create | Villager (Male) |
| 5:28 | Create | Villager (Male) |
| 5:29 | Create | Villager (Male) |
| 5:29 | Create | Villager (Male) |
| 5:49 | Build | House |
| 6:20 | Create | Villager (Male) |
| 6:34 | Build | Mill |
| 6:35 | Create | Villager (Male) |
| 7:21 | Create | Villager (Male) |
| 8:05 | Create | Villager (Male) |
| 8:06 | Create | Villager (Male) |
| 8:59 | Research | Feudal Age |
| 9:56 | Create | Villager (Male) |
| 9:57 | Create | Villager (Male) |
| 10:33 | Build | Farm |
| 11:09 | Age | Feudal Age |
| 11:16 | Build | House |
| 11:26 | Build | Market |
| 11:29 | Build | Blacksmith |
| 11:54 | Build | Farm |
| 12:18 | Build | House |
| 12:24 | Build | Lumber Camp |
| 12:26 | Research | Castle Age |
| 12:29 | Build | Farm |
| 12:40 | Build | House |
| 12:46 | Research | Double-Bit Axe |
| 14:57 | Create | Villager (Male) |
| 14:57 | Create | Villager (Male) |
| 15:06 | Age | Castle Age |
| 15:12 | Build | Town Center |
| 15:41 | Build | Town Center |
| 15:45 | Create | Villager (Male) |
| 15:45 | Create | Villager (Male) |
| 15:45 | Create | Villager (Male) |
| 15:46 | Create | Villager (Male) |
| 15:46 | Create | Villager (Male) |
| 15:56 | Build | Town Center |
| 16:02 | Create | Villager (Male) |
| 16:05 | Build | Farm |
| 16:06 | Build | Farm |
| 16:08 | Build | Farm |
| 16:22 | Build | Farm |
| 16:34 | Create | Villager (Male) |
| 16:35 | Create | Villager (Male) |
| 16:35 | Create | Villager (Male) |
| 16:35 | Create | Villager (Male) |
| 16:35 | Create | Villager (Male) |
| 16:49 | Build | Farm |
| 16:59 | Build | Farm |
| 17:00 | Build | Farm |
| 17:04 | Create | Villager (Male) |
| 17:05 | Build | Farm |
| 17:09 | Build | Farm |
| 17:11 | Build | Farm |
| 17:19 | Build | Farm |
| 17:22 | Create | Villager (Male) |
| 17:23 | Create | Villager (Male) |
| 17:29 | Build | Farm |
| 17:31 | Build | Farm |
| 17:34 | Create | Villager (Male) |
| 17:34 | Create | Villager (Male) |
| 17:41 | Build | Farm |
| 17:49 | Build | Farm |
| 17:51 | Build | Farm |
| 17:53 | Build | Farm |
| 17:54 | Create | Villager (Male) |
| 17:55 | Create | Villager (Male) |
| 17:55 | Create | Villager (Male) |
| 17:58 | Create | Villager (Male) |
| 17:58 | Create | Villager (Male) |
| 18:03 | Create | Villager (Male) |
| 18:04 | Create | Villager (Male) |
| 18:15 | Build | Farm |
| 18:19 | Build | Farm |
| 18:20 | Create | Villager (Male) |
| 18:21 | Create | Villager (Male) |
| 18:23 | Build | Farm |
| 18:25 | Build | Farm |
| 18:30 | Build | Farm |
| 18:31 | Create | Villager (Male) |
| 18:31 | Create | Villager (Male) |
| 18:36 | Build | Farm |
| 18:42 | Build | Farm |
| 18:43 | Create | Villager (Male) |
| 18:53 | Build | Farm |
| 18:54 | Create | Villager (Male) |
| 18:55 | Create | Villager (Male) |
| 18:55 | Create | Villager (Male) |
| 19:04 | Build | Farm |
| 19:06 | Create | Villager (Male) |
| 19:06 | Create | Villager (Male) |
| 19:08 | Create | Villager (Male) |
| 19:15 | Build | House |
| 19:16 | Build | House |
| 19:17 | Build | House |
| 19:17 | Build | House |
| 19:19 | Create | Villager (Male) |
| 19:20 | Create | Villager (Male) |
| 19:32 | Create | Villager (Male) |
| 19:32 | Create | Villager (Male) |
| 19:40 | Create | Villager (Male) |
| 19:43 | Create | Villager (Male) |
| 19:43 | Create | Villager (Male) |
| 19:46 | Build | House |
| 19:51 | Build | House |
| 19:53 | Build | House |
| 19:55 | Build | Mining Camp |
| 19:56 | Create | Villager (Male) |
| 19:56 | Create | Villager (Male) |
| 19:57 | Create | Villager (Male) |
| 19:57 | Create | Villager (Male) |
| 20:12 | Build | House |
| 20:14 | Build | House |
| 20:14 | Build | House |
| 20:16 | Create | Villager (Male) |
| 20:16 | Create | Villager (Male) |
| 20:17 | Create | Villager (Male) |
| 20:23 | Research | Horse Collar |
| 20:26 | Create | Villager (Male) |
| 20:26 | Create | Villager (Male) |
| 20:26 | Create | Villager (Male) |
| 20:42 | Create | Villager (Male) |
| 20:42 | Create | Villager (Male) |
| 20:42 | Create | Villager (Male) |
| 20:42 | Create | Villager (Male) |
Build order — Adriano Del Throw
First 150 of 552 actions detected
| 0:03 | Create | Villager (Male) |
| 0:03 | Create | Villager (Male) |
| 0:04 | Build | House |
| 0:05 | Build | House |
| 0:06 | Create | Villager (Male) |
| 0:15 | Create | Villager (Male) |
| 1:38 | Create | Villager (Male) |
| 1:48 | Build | Lumber Camp |
| 2:08 | Create | Villager (Male) |
| 2:36 | Create | Villager (Male) |
| 2:49 | Create | Villager (Male) |
| 3:18 | Create | Villager (Male) |
| 3:40 | Build | House |
| 3:52 | Research | Loom |
| 4:27 | Create | Villager (Male) |
| 4:27 | Create | Villager (Male) |
| 4:46 | Create | Villager (Male) |
| 4:59 | Create | Villager (Male) |
| 5:04 | Build | House |
| 5:29 | Build | Palisade Wall |
| 6:06 | Build | Palisade Wall |
| 6:12 | Build | Palisade Gate |
| 6:21 | Create | Villager (Male) |
| 6:22 | Create | Villager (Male) |
| 6:31 | Build | Mill |
| 6:46 | Create | Villager (Male) |
| 7:05 | Create | Villager (Male) |
| 7:28 | Create | Villager (Male) |
| 7:52 | Create | Villager (Male) |
| 8:05 | Create | Villager (Male) |
| 8:26 | Create | Villager (Male) |
| 8:44 | Create | Villager (Male) |
| 8:57 | Build | Palisade Wall |
| 9:00 | Create | Villager (Male) |
| 9:26 | Create | Villager (Male) |
| 9:43 | Create | Villager (Male) |
| 9:48 | Create | Villager (Male) |
| 10:01 | Build | House |
| 10:05 | Create | Villager (Male) |
| 10:13 | Research | Feudal Age |
| 10:36 | Build | Mining Camp |
| 10:54 | Create | Villager (Male) |
| 11:10 | Build | Farm |
| 11:11 | Build | Farm |
| 11:11 | Build | Farm |
| 11:11 | Build | Farm |
| 11:17 | Build | Farm |
| 11:20 | Build | Farm |
| 12:00 | Build | Palisade Gate |
| 12:23 | Age | Feudal Age |
| 12:26 | Create | Villager (Male) |
| 12:55 | Create | Villager (Male) |
| 13:11 | Build | Farm |
| 13:35 | Build | House |
| 13:39 | Build | Palisade Wall |
| 13:49 | Create | Villager (Male) |
| 13:52 | Build | Farm |
| 13:53 | Build | Farm |
| 13:56 | Research | Double-Bit Axe |
| 14:01 | Build | Farm |
| 14:36 | Build | Blacksmith |
| 14:44 | Build | Market |
| 14:57 | Create | Villager (Male) |
| 15:05 | Build | Farm |
| 15:18 | Build | House |
| 15:28 | Create | Villager (Male) |
| 16:07 | Build | Mining Camp |
| 16:15 | Research | Castle Age |
| 16:35 | Build | Palisade Gate |
| 16:43 | Create | Villager (Male) |
| 17:07 | Build | Barracks |
| 17:17 | Research | Stone Mining |
| 17:21 | Research | Gold Mining |
| 17:24 | Research | Horse Collar |
| 17:46 | Build | Mining Camp |
| 17:50 | Create | Villager (Male) |
| 18:18 | Create | Villager (Male) |
| 18:55 | Age | Castle Age |
| 18:58 | Create | Villager (Male) |
| 19:38 | Build | Town Center |
| 19:50 | Create | Villager (Male) |
| 19:52 | Research | Bow Saw |
| 20:04 | Create | Villager (Male) |
| 20:12 | Create | Villager (Male) |
| 20:19 | Research | Wheelbarrow |
| 20:24 | Create | Villager (Male) |
| 20:55 | Create | Villager (Male) |
| 21:00 | Create | Villager (Male) |
| 21:15 | Build | Farm |
| 21:15 | Build | Farm |
| 21:16 | Build | Farm |
| 21:16 | Build | Farm |
| 21:52 | Create | Villager (Male) |
| 22:05 | Build | Farm |
| 22:06 | Build | Farm |
| 22:06 | Build | Farm |
| 22:06 | Build | Farm |
| 22:06 | Build | Farm |
| 22:18 | Build | Farm |
| 22:19 | Build | Farm |
| 22:23 | Create | Villager (Male) |
| 22:26 | Build | Farm |
| 22:27 | Build | Farm |
| 22:27 | Build | Farm |
| 22:27 | Build | Farm |
| 22:27 | Build | Farm |
| 22:28 | Build | Farm |
| 22:28 | Build | Farm |
| 22:35 | Create | Villager (Male) |
| 22:44 | Build | Lumber Camp |
| 22:52 | Create | Villager (Male) |
| 23:05 | Create | Villager (Male) |
| 23:27 | Create | Villager (Male) |
| 23:28 | Create | Villager (Male) |
| 23:28 | Create | Villager (Male) |
| 23:39 | Build | Castle |
| 23:44 | Create | Villager (Male) |
| 23:50 | Create | Villager (Male) |
| 23:57 | Build | House |
| 23:58 | Build | House |
| 23:59 | Build | House |
| 24:00 | Build | House |
| 24:11 | Create | Villager (Male) |
| 24:15 | Create | Villager (Male) |
| 24:27 | Create | Villager (Male) |
| 24:40 | Create | Villager (Male) |
| 24:42 | Create | Villager (Male) |
| 24:55 | Create | Villager (Male) |
| 25:19 | Build | Town Center |
| 25:32 | Build | Stone Wall |
| 25:37 | Build | Stone Wall |
| 25:49 | Create | Villager (Male) |
| 26:13 | Create | Villager (Male) |
| 26:22 | Create | Villager (Male) |
| 26:31 | Create | Villager (Male) |
| 26:40 | Create | Villager (Male) |
| 26:49 | Create | Villager (Male) |
| 27:06 | Build | Gate |
| 27:12 | Build | Stone Wall |
| 27:40 | Create | Villager (Male) |
| 27:41 | Research | Imperial Age |
| 27:43 | Create | Villager (Male) |
| 27:43 | Create | Villager (Male) |
| 27:56 | Create | Villager (Male) |
| 28:00 | Create | Villager (Male) |
| 28:05 | Build | Farm |
| 28:05 | Build | Farm |
| 28:05 | Build | Farm |
| 28:05 | Build | Farm |
| 28:05 | Build | Farm |
Build order — YIU
First 150 of 412 actions detected
| 0:01 | Create | Villager (Male) |
| 0:01 | Create | Villager (Male) |
| 0:03 | Build | House |
| 0:04 | Build | House |
| 0:16 | Create | Villager (Male) |
| 0:17 | Create | Villager (Male) |
| 0:17 | Create | Villager (Male) |
| 1:26 | Create | Villager (Male) |
| 1:26 | Create | Villager (Male) |
| 2:03 | Create | Villager (Male) |
| 2:03 | Create | Villager (Male) |
| 2:09 | Build | Lumber Camp |
| 2:27 | Create | Villager (Male) |
| 2:27 | Create | Villager (Male) |
| 2:36 | Create | Villager (Male) |
| 3:05 | Build | House |
| 3:10 | Create | Villager (Male) |
| 3:11 | Create | Villager (Male) |
| 3:11 | Create | Villager (Male) |
| 3:53 | Create | Villager (Male) |
| 3:54 | Create | Villager (Male) |
| 4:05 | Create | Villager (Male) |
| 4:05 | Create | Villager (Male) |
| 4:12 | Build | House |
| 4:37 | Create | Villager (Male) |
| 4:37 | Create | Villager (Male) |
| 4:46 | Build | House |
| 5:08 | Create | Villager (Male) |
| 5:34 | Create | Villager (Male) |
| 5:34 | Create | Villager (Male) |
| 5:34 | Create | Villager (Male) |
| 5:35 | Create | Villager (Male) |
| 5:45 | Build | Mill |
| 5:46 | Create | Villager (Male) |
| 6:25 | Create | Villager (Male) |
| 6:25 | Create | Villager (Male) |
| 6:49 | Research | Loom |
| 6:53 | Create | Villager (Male) |
| 6:53 | Create | Villager (Male) |
| 6:53 | Create | Villager (Male) |
| 7:29 | Create | Villager (Male) |
| 7:37 | Build | Mill |
| 8:22 | Build | Palisade Wall |
| 8:26 | Build | Palisade Wall |
| 8:41 | Research | Feudal Age |
| 8:45 | Build | Farm |
| 9:06 | Build | House |
| 9:14 | Build | Farm |
| 9:16 | Build | Farm |
| 9:41 | Build | Lumber Camp |
| 10:11 | Build | House |
| 10:15 | Create | Villager (Male) |
| 10:59 | Build | Mining Camp |
| 11:07 | Create | Villager (Male) |
| 11:21 | Age | Feudal Age |
| 11:26 | Build | Blacksmith |
| 11:50 | Create | Villager (Male) |
| 12:13 | Create | Villager (Male) |
| 12:42 | Build | Market |
| 12:43 | Create | Villager (Male) |
| 13:04 | Build | Farm |
| 13:27 | Create | Villager (Male) |
| 13:32 | Build | Farm |
| 13:53 | Create | Villager (Male) |
| 13:57 | Build | Farm |
| 14:00 | Research | Double-Bit Axe |
| 14:20 | Build | House |
| 14:22 | Research | Castle Age |
| 14:30 | Research | Horse Collar |
| 14:50 | Build | Lumber Camp |
| 14:53 | Build | Farm |
| 15:53 | Build | House |
| 15:54 | Build | House |
| 16:32 | Build | House |
| 16:39 | Create | Villager (Male) |
| 16:53 | Build | House |
| 17:02 | Age | Castle Age |
| 17:06 | Build | Town Center |
| 17:10 | Build | Farm |
| 17:13 | Research | Bow Saw |
| 17:15 | Build | Farm |
| 17:25 | Research | Heavy Plow |
| 17:26 | Create | Villager (Male) |
| 17:29 | Research | Wheelbarrow |
| 17:34 | Build | Farm |
| 17:46 | Build | Farm |
| 18:11 | Create | Villager (Male) |
| 18:29 | Build | Town Center |
| 18:33 | Create | Villager (Male) |
| 18:34 | Create | Villager (Male) |
| 18:37 | Create | Villager (Male) |
| 18:40 | Build | Farm |
| 18:43 | Create | Villager (Male) |
| 18:51 | Research | Gold Mining |
| 18:53 | Create | Villager (Male) |
| 19:02 | Build | Mining Camp |
| 19:05 | Create | Villager (Male) |
| 19:28 | Build | Farm |
| 19:30 | Create | Villager (Male) |
| 19:35 | Build | Farm |
| 19:53 | Create | Villager (Male) |
| 19:58 | Build | Farm |
| 20:00 | Create | Villager (Male) |
| 20:01 | Create | Villager (Male) |
| 20:05 | Build | Farm |
| 20:11 | Build | Farm |
| 20:12 | Build | Farm |
| 20:18 | Build | Farm |
| 20:21 | Create | Villager (Male) |
| 20:23 | Create | Villager (Male) |
| 20:24 | Create | Villager (Male) |
| 20:27 | Build | Farm |
| 20:32 | Create | Villager (Male) |
| 20:32 | Create | Villager (Male) |
| 20:38 | Build | Farm |
| 20:47 | Build | House |
| 20:49 | Build | House |
| 20:53 | Build | Farm |
| 20:54 | Create | Villager (Male) |
| 20:55 | Create | Villager (Male) |
| 20:56 | Create | Villager (Male) |
| 20:57 | Create | Villager (Male) |
| 20:58 | Create | Villager (Male) |
| 21:06 | Build | Lumber Camp |
| 21:12 | Build | Farm |
| 21:12 | Create | Villager (Male) |
| 21:12 | Create | Villager (Male) |
| 21:30 | Create | Villager (Male) |
| 21:31 | Create | Villager (Male) |
| 21:33 | Create | Villager (Male) |
| 21:39 | Create | Villager (Male) |
| 21:54 | Build | Barracks |
| 21:58 | Create | Villager (Male) |
| 21:58 | Create | Villager (Male) |
| 22:01 | Build | Farm |
| 22:13 | Create | Villager (Male) |
| 22:14 | Create | Villager (Male) |
| 22:14 | Create | Villager (Male) |
| 22:32 | Build | Town Center |
| 22:35 | Build | Farm |
| 22:36 | Create | Villager (Male) |
| 22:36 | Create | Villager (Male) |
| 22:39 | Create | Villager (Male) |
| 22:41 | Build | Farm |
| 22:43 | Build | Farm |
| 22:44 | Build | Farm |
| 22:49 | Research | Stone Mining |
| 23:00 | Build | Stable |
| 23:03 | Build | Stable |
| 23:08 | Build | Stable |
Build order — Glork
First 150 of 612 actions detected
| 0:01 | Create | Villager (Male) |
| 0:03 | Build | House |
| 0:03 | Build | House |
| 0:04 | Build | House |
| 0:05 | Create | Villager (Male) ×3 |
| 1:42 | Create | Villager (Male) |
| 1:46 | Build | Lumber Camp |
| 2:07 | Create | Villager (Male) |
| 2:34 | Create | Villager (Male) |
| 3:01 | Create | Villager (Male) |
| 3:19 | Create | Villager (Male) |
| 3:38 | Create | Villager (Male) |
| 4:19 | Create | Villager (Male) |
| 4:31 | Create | Villager (Male) |
| 5:12 | Create | Villager (Male) |
| 5:28 | Create | Villager (Male) |
| 5:39 | Create | Villager (Male) |
| 6:06 | Create | Villager (Male) |
| 6:11 | Build | House |
| 6:48 | Create | Villager (Male) |
| 7:14 | Create | Villager (Male) |
| 7:24 | Build | Mining Camp |
| 7:43 | Create | Villager (Male) |
| 8:08 | Create | Villager (Male) |
| 8:25 | Build | Mill |
| 8:37 | Research | Feudal Age |
| 8:40 | Build | Mill |
| 9:54 | Create | Villager (Male) |
| 9:54 | Create | Villager (Male) |
| 10:00 | Build | House |
| 10:47 | Age | Feudal Age |
| 10:55 | Build | Market |
| 10:59 | Build | Blacksmith |
| 11:42 | Research | Castle Age |
| 11:58 | Build | Farm |
| 12:02 | Build | Farm |
| 12:36 | Research | Double-Bit Axe |
| 13:18 | Build | House |
| 13:38 | Research | Horse Collar |
| 14:03 | Create | Villager (Male) |
| 14:22 | Age | Castle Age |
| 14:33 | Build | Town Center |
| 14:37 | Create | Villager (Male) |
| 14:48 | Build | Town Center |
| 15:01 | Research | Bow Saw |
| 15:07 | Create | Villager (Male) |
| 15:32 | Build | Farm |
| 15:50 | Create | Villager (Male) |
| 15:57 | Build | Farm |
| 16:11 | Create | Villager (Male) |
| 16:29 | Build | Farm |
| 16:32 | Create | Villager (Male) |
| 16:36 | Build | Farm |
| 16:51 | Create | Villager (Male) |
| 16:51 | Create | Villager (Male) |
| 16:57 | Build | Farm |
| 16:58 | Create | Villager (Male) |
| 16:59 | Create | Villager (Male) |
| 17:09 | Build | Farm |
| 17:15 | Create | Villager (Male) ×3 |
| 17:24 | Build | Farm |
| 17:32 | Create | Villager (Male) |
| 17:44 | Build | Farm |
| 17:44 | Build | Farm |
| 17:45 | Build | Farm |
| 17:45 | Build | Farm |
| 17:46 | Build | Farm |
| 17:50 | Research | Loom |
| 17:54 | Build | Farm |
| 17:54 | Build | Farm |
| 17:56 | Create | Villager (Male) |
| 17:56 | Create | Villager (Male) |
| 18:09 | Build | Farm |
| 18:14 | Build | Farm |
| 18:21 | Create | Villager (Male) |
| 18:21 | Create | Villager (Male) |
| 18:27 | Create | Villager (Male) |
| 18:32 | Build | Farm |
| 18:35 | Build | Farm |
| 18:40 | Build | Farm |
| 18:43 | Build | House |
| 18:44 | Build | House |
| 18:44 | Build | House |
| 18:51 | Create | Villager (Male) |
| 18:51 | Create | Villager (Male) |
| 18:52 | Create | Villager (Male) |
| 18:52 | Create | Villager (Male) |
| 18:56 | Build | Farm |
| 18:59 | Create | Villager (Male) |
| 19:01 | Build | Farm |
| 19:08 | Build | House |
| 19:09 | Build | House |
| 19:10 | Build | House |
| 19:10 | Build | House |
| 19:14 | Create | Villager (Male) |
| 19:14 | Create | Villager (Male) |
| 19:19 | Build | Farm |
| 19:19 | Create | Villager (Male) |
| 19:26 | Build | Farm |
| 19:29 | Create | Villager (Male) |
| 19:29 | Create | Villager (Male) |
| 19:33 | Create | Villager (Male) |
| 19:43 | Build | Farm |
| 19:44 | Create | Villager (Male) |
| 19:44 | Create | Villager (Male) |
| 19:49 | Build | Farm |
| 19:50 | Create | Villager (Male) |
| 19:58 | Create | Villager (Male) |
| 19:58 | Create | Villager (Male) |
| 20:06 | Build | Farm |
| 20:07 | Create | Villager (Male) |
| 20:12 | Build | Farm |
| 20:13 | Create | Villager (Male) |
| 20:17 | Build | Farm |
| 20:18 | Create | Villager (Male) |
| 20:27 | Create | Villager (Male) |
| 20:27 | Create | Villager (Male) |
| 20:31 | Build | Farm |
| 20:32 | Create | Villager (Male) |
| 20:37 | Build | Farm |
| 20:37 | Create | Villager (Male) |
| 20:38 | Create | Villager (Male) |
| 20:42 | Build | Farm |
| 20:50 | Create | Villager (Male) |
| 20:50 | Create | Villager (Male) |
| 20:54 | Build | Farm |
| 20:54 | Build | Farm |
| 20:56 | Create | Villager (Male) |
| 20:57 | Create | Villager (Male) |
| 20:57 | Create | Villager (Male) |
| 21:01 | Build | Farm |
| 21:03 | Create | Villager (Male) |
| 21:08 | Build | Farm |
| 21:24 | Research | Wheelbarrow |
| 21:27 | Build | Farm |
| 21:28 | Create | Villager (Male) |
| 21:31 | Build | Farm |
| 21:42 | Create | Villager (Male) |
| 21:42 | Create | Villager (Male) |
| 21:44 | Build | Farm |
| 21:45 | Build | Farm |
| 21:45 | Build | Farm |
| 21:52 | Create | Villager (Male) |
| 21:56 | Build | Farm |
| 21:59 | Build | Farm |
| 22:20 | Build | Farm |
| 22:20 | Build | Farm |
| 22:22 | Create | Villager (Male) |
| 22:22 | Create | Villager (Male) |
| 22:31 | Build | Mining Camp |
Build order — KIRA
First 150 of 572 actions detected
| 0:01 | Create | Villager (Male) |
| 0:01 | Create | Villager (Male) |
| 0:01 | Create | Villager (Male) |
| 0:02 | Create | Villager (Male) |
| 0:03 | Build | House |
| 0:04 | Build | House |
| 1:26 | Create | Villager (Male) |
| 1:27 | Create | Villager (Male) |
| 1:27 | Create | Villager (Male) |
| 1:46 | Build | Lumber Camp |
| 1:56 | Create | Villager (Male) |
| 2:17 | Create | Villager (Male) |
| 2:17 | Create | Villager (Male) |
| 2:17 | Create | Villager (Male) |
| 2:36 | Build | House |
| 2:37 | Build | House |
| 2:47 | Create | Villager (Male) |
| 2:48 | Create | Villager (Male) |
| 3:04 | Create | Villager (Male) |
| 3:04 | Create | Villager (Male) |
| 3:04 | Create | Villager (Male) |
| 3:21 | Build | House |
| 3:47 | Create | Villager (Male) |
| 3:47 | Create | Villager (Male) |
| 3:47 | Create | Villager (Male) |
| 4:10 | Create | Villager (Male) |
| 4:10 | Create | Villager (Male) |
| 4:24 | Create | Villager (Male) |
| 4:52 | Create | Villager (Male) |
| 4:52 | Create | Villager (Male) |
| 4:52 | Create | Villager (Male) |
| 5:17 | Create | Villager (Male) |
| 5:25 | Create | Villager (Male) |
| 5:34 | Create | Villager (Male) |
| 5:46 | Build | Mill |
| 5:49 | Create | Villager (Male) |
| 5:58 | Create | Villager (Male) |
| 6:32 | Create | Villager (Male) |
| 6:46 | Build | Mining Camp |
| 8:04 | Build | Mining Camp |
| 8:06 | Create | Villager (Male) |
| 8:41 | Build | House |
| 8:44 | Create | Villager (Male) |
| 9:04 | Create | Villager (Male) |
| 9:08 | Build | Barracks |
| 9:25 | Research | Feudal Age |
| 9:38 | Research | Loom |
| 9:38 | Research | Feudal Age |
| 10:36 | Build | Farm |
| 10:55 | Create | Villager (Male) |
| 11:04 | Build | Farm |
| 11:27 | Build | Mining Camp |
| 12:13 | Age | Feudal Age |
| 12:17 | Build | Stable |
| 12:21 | Create | Villager (Male) |
| 12:36 | Build | Market |
| 12:53 | Create | Villager (Male) |
| 13:07 | Create | Scout Cavalry |
| 13:08 | Create | Scout Cavalry |
| 13:21 | Build | Farm |
| 13:42 | Build | Farm |
| 13:42 | Build | Farm |
| 14:06 | Research | Castle Age |
| 14:24 | Build | Farm |
| 14:25 | Build | Farm |
| 14:41 | Research | Horse Collar |
| 14:41 | Research | Horse Collar |
| 15:15 | Create | Villager (Male) |
| 15:38 | Create | Villager (Male) |
| 15:44 | Research | Double-Bit Axe |
| 16:36 | Create | Scout Cavalry |
| 16:46 | Age | Castle Age |
| 16:48 | Build | Town Center |
| 16:50 | Create | Villager (Male) |
| 17:01 | Build | Town Center |
| 17:11 | Build | House |
| 17:24 | Create | Villager (Male) |
| 17:25 | Create | Villager (Male) |
| 17:35 | Create | Scout Cavalry |
| 17:44 | Build | House |
| 17:46 | Create | Villager (Male) |
| 18:05 | Create | Scout Cavalry |
| 18:12 | Build | House |
| 18:16 | Create | Villager (Male) |
| 18:16 | Create | Villager (Male) |
| 18:16 | Create | Villager (Male) |
| 18:37 | Create | Villager (Male) |
| 18:38 | Build | Farm |
| 18:50 | Create | Villager (Male) |
| 18:52 | Build | House |
| 18:55 | Build | Farm |
| 19:07 | Create | Villager (Male) |
| 19:08 | Create | Villager (Male) |
| 19:11 | Build | Farm |
| 19:13 | Build | Farm |
| 19:16 | Create | Villager (Male) |
| 19:17 | Build | Farm |
| 19:18 | Build | Farm |
| 19:26 | Build | House |
| 19:30 | Create | Villager (Male) |
| 19:30 | Create | Villager (Male) |
| 19:35 | Build | Farm |
| 19:48 | Create | Villager (Male) |
| 19:52 | Build | Farm |
| 19:54 | Build | Farm |
| 19:54 | Create | Villager (Male) |
| 19:55 | Create | Villager (Male) |
| 20:06 | Build | House |
| 20:08 | Create | Villager (Male) |
| 20:26 | Create | Villager (Male) |
| 20:26 | Create | Villager (Male) |
| 20:30 | Build | Farm |
| 20:32 | Build | Farm |
| 20:33 | Build | Farm |
| 20:51 | Create | Villager (Male) |
| 20:51 | Create | Villager (Male) |
| 20:52 | Create | Villager (Male) |
| 20:52 | Create | Villager (Male) |
| 20:52 | Create | Villager (Male) |
| 21:06 | Build | Farm |
| 21:08 | Build | House |
| 21:17 | Create | Villager (Male) |
| 21:24 | Research | Bow Saw |
| 21:24 | Research | Bow Saw |
| 21:35 | Create | Villager (Male) |
| 21:36 | Create | Villager (Male) |
| 21:36 | Create | Villager (Male) |
| 21:40 | Build | House |
| 21:44 | Create | Villager (Male) |
| 21:44 | Create | Villager (Male) |
| 21:51 | Build | Farm |
| 21:52 | Build | Farm |
| 21:53 | Build | Farm |
| 21:55 | Build | Farm |
| 21:56 | Create | Villager (Male) |
| 22:05 | Build | Outpost |
| 22:07 | Create | Villager (Male) |
| 22:12 | Build | House |
| 22:15 | Research | Heavy Plow |
| 22:23 | Research | Town Watch |
| 22:26 | Create | Villager (Male) |
| 22:32 | Build | Outpost |
| 22:36 | Create | Villager (Male) |
| 22:42 | Build | House |
| 22:48 | Research | Stone Mining |
| 22:48 | Research | Stone Mining |
| 22:57 | Build | Farm |
| 22:57 | Build | Farm |
| 22:57 | Build | Farm |
| 22:58 | Build | Farm |
Build order — Mapache
First 150 of 333 actions detected
| 0:01 | Create | Villager (Male) |
| 0:03 | Build | House |
| 0:05 | Build | House |
| 0:18 | Create | Villager (Male) |
| 0:24 | Create | Villager (Male) |
| 0:29 | Create | Villager (Male) |
| 1:24 | Create | Villager (Male) |
| 1:25 | Create | Villager (Male) |
| 1:45 | Build | Lumber Camp |
| 1:53 | Create | Villager (Male) |
| 2:18 | Create | Villager (Male) |
| 2:41 | Create | Villager (Male) |
| 3:01 | Create | Villager (Male) |
| 3:26 | Create | Villager (Male) |
| 3:44 | Create | Villager (Male) |
| 3:49 | Build | House |
| 3:56 | Create | Villager (Male) |
| 4:20 | Create | Villager (Male) |
| 4:42 | Build | Mining Camp |
| 4:47 | Create | Villager (Male) |
| 4:57 | Create | Villager (Male) |
| 5:07 | Research | Loom |
| 6:13 | Research | Feudal Age |
| 7:06 | Build | House |
| 8:17 | Build | Mill |
| 8:26 | Age | Feudal Age |
| 8:28 | Create | Villager (Male) |
| 8:37 | Build | Stone Wall |
| 8:39 | Build | Stone Wall |
| 8:54 | Create | Villager (Male) |
| 8:58 | Create | Villager (Male) |
| 9:04 | Research | Double-Bit Axe |
| 9:06 | Research | Horse Collar |
| 9:21 | Build | Farm |
| 9:21 | Create | Villager (Male) |
| 9:44 | Build | House |
| 9:47 | Build | Farm |
| 9:48 | Create | Villager (Male) |
| 10:11 | Create | Villager (Male) |
| 10:16 | Build | Gate |
| 10:22 | Create | Villager (Male) |
| 10:42 | Create | Villager (Male) |
| 10:47 | Create | Villager (Male) |
| 11:18 | Build | Farm |
| 11:19 | Create | Villager (Male) |
| 11:33 | Create | Villager (Male) |
| 11:40 | Build | Mining Camp |
| 11:51 | Build | House |
| 11:55 | Build | Farm |
| 12:03 | Build | Farm |
| 12:03 | Create | Villager (Male) |
| 12:42 | Build | Farm |
| 13:06 | Create | Villager (Male) |
| 13:47 | Create | Villager (Male) |
| 13:57 | Build | Market |
| 14:04 | Build | Farm |
| 14:21 | Build | Blacksmith |
| 14:25 | Build | Farm |
| 14:28 | Create | Villager (Male) |
| 14:50 | Build | Farm |
| 15:05 | Build | House |
| 15:07 | Research | Castle Age |
| 15:23 | Build | Stone Wall |
| 15:38 | Build | House |
| 17:30 | Build | Gate |
| 17:46 | Create | Villager (Male) |
| 17:47 | Age | Castle Age |
| 17:49 | Build | Town Center |
| 17:50 | Create | Villager (Male) |
| 17:53 | Create | Villager (Male) |
| 17:57 | Build | Town Center |
| 18:01 | Create | Villager (Male) |
| 18:23 | Research | Wheelbarrow |
| 18:24 | Research | Bow Saw |
| 18:27 | Research | Heavy Plow |
| 18:40 | Create | Villager (Male) |
| 18:55 | Build | Stone Wall |
| 18:57 | Build | Gate |
| 18:59 | Create | Villager (Male) |
| 19:11 | Create | Villager (Male) |
| 19:13 | Create | Villager (Male) |
| 19:16 | Build | Farm |
| 19:19 | Build | Farm |
| 19:20 | Create | Villager (Male) |
| 19:23 | Build | Farm |
| 19:23 | Create | Villager (Male) |
| 19:28 | Build | Farm |
| 19:28 | Create | Villager (Male) |
| 19:37 | Create | Villager (Male) |
| 19:38 | Create | Villager (Male) |
| 19:41 | Create | Villager (Male) |
| 19:45 | Build | Farm |
| 19:45 | Create | Villager (Male) |
| 19:51 | Create | Villager (Male) |
| 19:51 | Create | Villager (Male) |
| 19:56 | Build | Farm |
| 19:56 | Create | Villager (Male) |
| 20:03 | Build | Farm |
| 20:04 | Create | Villager (Male) |
| 20:22 | Create | Villager (Male) |
| 20:27 | Create | Villager (Male) |
| 20:30 | Build | Farm |
| 20:35 | Build | Farm |
| 20:49 | Create | Villager (Male) |
| 20:51 | Build | Farm |
| 20:52 | Build | Farm |
| 20:53 | Create | Villager (Male) |
| 20:55 | Create | Villager (Male) |
| 21:03 | Create | Villager (Male) |
| 21:07 | Build | Farm |
| 21:12 | Create | Villager (Male) |
| 21:27 | Create | Villager (Male) |
| 21:35 | Build | Monastery |
| 21:36 | Create | Villager (Male) |
| 21:43 | Build | Monastery |
| 21:45 | Create | Villager (Male) |
| 21:50 | Build | House |
| 21:52 | Build | House |
| 21:53 | Create | Villager (Male) |
| 22:00 | Create | Villager (Male) |
| 22:15 | Build | House |
| 22:16 | Build | House |
| 22:16 | Build | House |
| 22:19 | Build | Farm |
| 22:21 | Create | Villager (Male) |
| 22:37 | Build | Siege Workshop |
| 22:38 | Create | Monk |
| 22:40 | Create | Villager (Male) |
| 22:41 | Create | Villager (Male) |
| 22:54 | Build | Gate |
| 22:56 | Create | Villager (Male) |
| 22:59 | Build | Farm |
| 23:02 | Build | Farm |
| 23:10 | Research | Hand Cart |
| 23:11 | Create | Villager (Male) |
| 23:14 | Build | House |
| 23:15 | Build | House |
| 23:25 | Create | Monk |
| 23:32 | Create | Iron Pagoda |
| 23:35 | Build | House |
| 23:37 | Create | Villager (Male) |
| 23:41 | Research | Gold Mining |
| 23:42 | Create | Villager (Male) ×5 |
| 24:06 | Create | Villager (Male) |
| 24:13 | Build | House |
| 24:15 | Build | House |
| 24:15 | Create | Villager (Male) |
| 24:23 | Create | Villager (Male) |
| 24:26 | Build | Stone Wall |
| 24:27 | Create | Villager (Male) |
Build order — RXN SEMTEX
First 150 of 449 actions detected
| 0:01 | Create | Villager (Male) |
| 0:01 | Create | Villager (Male) |
| 0:01 | Create | Villager (Male) |
| 0:03 | Build | House |
| 0:04 | Build | House |
| 0:05 | Build | House |
| 0:10 | Create | Villager (Male) |
| 0:10 | Create | Villager (Male) |
| 1:36 | Create | Villager (Male) |
| 1:50 | Build | Lumber Camp |
| 2:07 | Create | Villager (Male) |
| 2:07 | Create | Villager (Male) |
| 2:32 | Create | Villager (Male) |
| 2:32 | Create | Villager (Male) |
| 2:54 | Create | Villager (Male) |
| 2:55 | Create | Villager (Male) |
| 3:21 | Create | Villager (Male) |
| 3:45 | Research | Loom |
| 4:13 | Create | Villager (Male) |
| 4:13 | Create | Villager (Male) |
| 4:34 | Create | Villager (Male) |
| 4:34 | Create | Villager (Male) |
| 4:47 | Create | Villager (Male) |
| 4:59 | Create | Villager (Male) |
| 5:51 | Create | Villager (Male) |
| 5:52 | Create | Villager (Male) |
| 5:54 | Create | Villager (Male) |
| 6:05 | Build | Mill |
| 6:33 | Build | House |
| 6:36 | Build | House |
| 7:14 | Create | Villager (Male) |
| 7:19 | Create | Villager (Male) |
| 8:23 | Research | Feudal Age |
| 8:23 | Research | Feudal Age |
| 9:49 | Create | Villager (Male) |
| 9:49 | Create | Villager (Male) |
| 10:08 | Create | Villager (Male) |
| 10:20 | Build | Barracks |
| 10:26 | Build | House |
| 10:33 | Age | Feudal Age |
| 10:35 | Research | Double-Bit Axe |
| 10:37 | Research | Horse Collar |
| 11:35 | Create | Villager (Male) |
| 11:46 | Build | Stable |
| 11:55 | Build | Blacksmith |
| 12:10 | Build | Palisade Gate |
| 12:34 | Create | Villager (Male) |
| 12:35 | Create | Villager (Male) |
| 12:35 | Create | Villager (Male) |
| 13:02 | Create | Scout Cavalry |
| 13:02 | Create | Scout Cavalry |
| 13:03 | Create | Villager (Male) |
| 13:11 | Build | Mining Camp |
| 13:22 | Build | Farm |
| 13:22 | Build | Farm |
| 13:23 | Build | Farm |
| 13:25 | Build | Farm |
| 13:48 | Create | Scout Cavalry |
| 14:09 | Build | Farm |
| 14:11 | Build | Farm |
| 14:27 | Build | Mill |
| 14:30 | Build | Farm |
| 14:30 | Build | Farm |
| 14:30 | Build | Farm |
| 14:30 | Build | Farm |
| 14:31 | Build | Farm |
| 15:16 | Create | Villager (Male) |
| 15:16 | Create | Villager (Male) |
| 15:17 | Create | Villager (Male) |
| 15:36 | Build | Market |
| 15:39 | Build | House |
| 15:45 | Build | Farm |
| 15:46 | Build | Farm |
| 15:47 | Build | Farm |
| 15:49 | Create | Villager (Male) |
| 16:12 | Build | Farm |
| 16:17 | Create | Villager (Male) |
| 16:35 | Build | Farm |
| 16:36 | Build | Farm |
| 16:37 | Build | Farm |
| 16:44 | Research | Castle Age |
| 16:45 | Create | Villager (Male) |
| 17:17 | Research | Wheelbarrow |
| 17:26 | Build | Farm |
| 18:03 | Create | Villager (Male) |
| 18:03 | Create | Villager (Male) |
| 19:24 | Age | Castle Age |
| 19:30 | Create | Knight |
| 19:30 | Create | Knight |
| 19:40 | Build | Town Center |
| 19:44 | Create | Villager (Male) |
| 19:45 | Create | Villager (Male) |
| 19:52 | Build | Town Center |
| 20:11 | Create | Villager (Male) |
| 20:16 | Create | Knight |
| 20:57 | Create | Knight |
| 20:58 | Create | Villager (Male) |
| 20:58 | Create | Villager (Male) |
| 21:24 | Create | Villager (Male) |
| 21:42 | Build | Mill |
| 21:46 | Build | Farm |
| 21:46 | Build | Farm |
| 21:46 | Build | Farm |
| 21:46 | Build | Farm |
| 21:50 | Create | Villager (Male) |
| 21:50 | Create | Villager (Male) |
| 21:51 | Create | Villager (Male) |
| 21:52 | Create | Villager (Male) |
| 22:02 | Research | Bow Saw |
| 22:04 | Research | Heavy Plow |
| 22:06 | Create | Knight |
| 22:26 | Research | Hand Cart |
| 22:27 | Create | Villager (Male) |
| 22:55 | Create | Villager (Male) |
| 22:55 | Create | Villager (Male) |
| 22:55 | Create | Villager (Male) |
| 22:59 | Build | House |
| 23:01 | Build | House |
| 23:21 | Create | Villager (Male) |
| 23:23 | Create | Villager (Male) |
| 23:24 | Create | Villager (Male) |
| 23:26 | Create | Villager (Male) |
| 23:27 | Create | Villager (Male) |
| 23:29 | Create | Villager (Male) |
| 23:33 | Research | Scale Barding Armor |
| 23:33 | Research | Forging |
| 24:11 | Create | Villager (Male) |
| 24:11 | Create | Villager (Male) |
| 24:12 | Create | Villager (Male) |
| 24:12 | Create | Villager (Male) |
| 24:16 | Build | Farm |
| 24:19 | Build | Farm |
| 24:21 | Build | Farm |
| 24:25 | Build | Farm |
| 24:26 | Build | Farm |
| 24:32 | Create | Villager (Male) |
| 24:33 | Create | Villager (Male) |
| 24:33 | Create | Villager (Male) |
| 24:35 | Create | Villager (Male) |
| 24:35 | Create | Villager (Male) |
| 25:08 | Build | Farm |
| 25:25 | Build | Mining Camp |
| 25:33 | Build | Monastery |
| 25:37 | Build | University |
| 25:41 | Build | Farm |
| 25:42 | Build | Farm |
| 25:49 | Create | Villager (Male) |
| 25:49 | Create | Villager (Male) |
| 25:50 | Create | Villager (Male) |
| 25:50 | Create | Villager (Male) |
Match timeline
| 5:29 | Adriano Del Throw · wall_segment Palisade Wall x5 |
| 6:06 | Adriano Del Throw · wall_segment Palisade Wall x19 |
| 8:22 | YIU · wall_segment Palisade Wall x6 |
| 8:26 | Mapache · age_up feudal |
| 8:26 | YIU · wall_segment Palisade Wall x21 |
| 8:37 | Mapache · wall_segment Stone Wall x4 |
| 8:39 | Mapache · wall_segment Stone Wall x21 |
| 8:57 | Adriano Del Throw · wall_segment Palisade Wall x28 |
| 9:08 | KIRA · first_building Barracks |
| 10:20 | RXN SEMTEX · first_building Barracks |
| 10:33 | RXN SEMTEX · age_up feudal |
| 10:47 | Glork · age_up feudal |
| 11:09 | Snavle · age_up feudal |
| 11:21 | YIU · age_up feudal |
| 11:24 | Dango · age_up feudal |
| 11:46 | RXN SEMTEX · first_building Stable |
| 12:13 | KIRA · age_up feudal |
| 12:17 | KIRA · first_building Stable |
| 12:23 | Adriano Del Throw · age_up feudal |
| 13:39 | Adriano Del Throw · wall_segment Palisade Wall x22 |
| 14:22 | Glork · age_up castle |
| 14:55 | Dango · age_up castle |
| 15:04 | Dango · first_building Monastery |
| 15:06 | Snavle · age_up castle |
| 15:19 | Dango · first_market_buy 100 wood |
| 15:23 | Mapache · wall_segment Stone Wall x25 |
| 15:54 | Dango · first_market_sell 100 food |
| 16:46 | KIRA · age_up castle |
| 17:02 | YIU · age_up castle |
| 17:07 | Adriano Del Throw · first_building Barracks |
| 17:13 | Glork · first_market_buy 100 food |
| 17:47 | Mapache · age_up castle |
| 18:08 | YIU · first_market_buy 100 wood |
| 18:55 | Adriano Del Throw · age_up castle |
| 18:55 | Mapache · wall_segment Stone Wall x27 |
| 19:24 | RXN SEMTEX · age_up castle |
| 19:35 | Dango · first_building Barracks |
| 20:04 | Snavle · first_market_sell 100 wood |
| 20:38 | Snavle · first_market_buy 100 stone |
| 21:35 | Mapache · first_building Monastery |
| 21:54 | YIU · first_building Barracks |
| 22:37 | Mapache · first_building Siege Workshop |
| 23:00 | YIU · first_building Stable |
| 23:02 | Snavle · first_building Barracks |
| 23:39 | Adriano Del Throw · first_building Castle |
| 23:41 | KIRA · first_building Castle |
| 24:19 | Glork · first_market_sell 100 food |
| 24:26 | Mapache · wall_segment Stone Wall x2 |
| 25:06 | Adriano Del Throw · first_market_buy 100 stone |
| 25:15 | Glork · first_building Monastery |
| 25:17 | Mapache · wall_segment Stone Wall x5 |
| 25:28 | Snavle · first_building Stable |
| 25:32 | Adriano Del Throw · wall_segment Stone Wall x5 |
| 25:33 | RXN SEMTEX · first_building Monastery |
| 25:37 | Adriano Del Throw · wall_segment Stone Wall x28 |
| 25:38 | YIU · first_market_sell 500 wood |
| 26:26 | Mapache · first_market_sell 100 wood |
| 26:38 | Glork · first_building Castle |
| 27:09 | Glork · first_building Barracks |
| 27:12 | Adriano Del Throw · wall_segment Stone Wall x13 |
| 28:01 | YIU · first_building Siege Workshop |
| 28:19 | YIU · first_building Castle |
| 28:26 | Dango · first_building Archery Range |
| 28:53 | Adriano Del Throw · first_building Stable |
| 28:59 | RXN SEMTEX · first_market_sell 100 food |
| 29:12 | Glork · age_up imperial |
| 29:13 | Snavle · first_building Castle |
| 29:42 | Mapache · age_up imperial |
| 30:01 | KIRA · age_up imperial |
| 30:51 | Adriano Del Throw · age_up imperial |
| 30:52 | Dango · first_building Castle |
| 31:16 | Dango · age_up imperial |
| 32:15 | RXN SEMTEX · age_up imperial |
| 32:32 | YIU · age_up imperial |
| 32:53 | KIRA · first_building Siege Workshop |
| 33:00 | Snavle · age_up imperial |
| 33:03 | RXN SEMTEX · first_building Castle |
| 34:06 | Mapache · first_building Castle |
| 35:14 | Adriano Del Throw · wall_segment Stone Wall x3 |
| 35:46 | Mapache · first_market_buy 100 stone |
| 38:06 | Adriano Del Throw · first_market_sell 100 food |
| 39:50 | Mapache · tribute_sent a jugador 1 |
| 39:50 | Mapache · tribute_sent a jugador 2 |
| 39:50 | Mapache · tribute_sent a jugador 3 |
| 39:50 | Mapache · tribute_sent a jugador 4 |
| 39:51 | Mapache · tribute_sent a jugador 5 |
| 39:51 | Mapache · tribute_sent a jugador 6 |
| 39:51 | Mapache · tribute_sent a jugador 8 |
| 41:45 | Snavle · first_building Siege Workshop |
| 42:57 | Glork · first_building Siege Workshop |
| 46:58 | KIRA · tribute_sent a jugador 1 |
| 46:58 | KIRA · tribute_sent a jugador 2 |
| 46:58 | KIRA · tribute_sent a jugador 3 |
| 46:58 | KIRA · tribute_sent a jugador 4 |
| 46:58 | KIRA · tribute_sent a jugador 6 |
| 46:58 | KIRA · tribute_sent a jugador 7 |
| 46:58 | KIRA · tribute_sent a jugador 8 |
| 47:10 | YIU · first_building Archery Range |
| 48:56 | Glork · tribute_sent a jugador 1 |
| 48:56 | Glork · tribute_sent a jugador 2 |
| 48:56 | Glork · tribute_sent a jugador 3 |
| 48:56 | Glork · tribute_sent a jugador 5 |
| 48:56 | Glork · tribute_sent a jugador 6 |
| 48:56 | Glork · tribute_sent a jugador 7 |
| 48:56 | Glork · tribute_sent a jugador 8 |
| 49:25 | Adriano Del Throw · wall_segment Stone Wall x7 |
| 50:56 | Adriano Del Throw · wall_segment Stone Wall x4 |
| 51:27 | KIRA · first_market_buy 100 stone |
| 51:36 | RXN SEMTEX · tribute_sent a jugador 1 |
| 51:36 | RXN SEMTEX · tribute_sent a jugador 2 |
| 51:36 | RXN SEMTEX · tribute_sent a jugador 3 |
| 51:36 | RXN SEMTEX · tribute_sent a jugador 4 |
| 51:36 | RXN SEMTEX · tribute_sent a jugador 5 |
| 51:36 | RXN SEMTEX · tribute_sent a jugador 6 |
| 51:36 | RXN SEMTEX · tribute_sent a jugador 7 |
| 52:21 | Glork · resign |
[ AI ANALYSIS · 1 CREDIT ]
What really happened in this match?
Wolo.gg analyzes every decision: build order, eco, micro, common mistakes by bracket. Personalized analysis on WhatsApp or Discord in 30 seconds.
Civ guide
Dravidians
Perfil
Jugador #532008